General information
- name: BNet
- type: Ladder 1vs1/FFA
- host: Battle.net
- saver: Damn_SpiderRush
map: GnollWood
- players: 2
- length: 55:50
- speed: Fast
- version: 1.21 W3XP
- replay type: Public
» download(176 KB)
Players
team 1 (loser)
Feanoralgo (
purple | 57 APM | 3178 actions | 55:47)
7 Tauren Chieftain
2 Shockwave
3 Endurance Aura
1 War Stomp
1 Reincarnation
6 Far Seer
1 Far Sight
2 Feral Spirit
2 Chain Lighting
1 Earth Quake
» actions
| Assign group hotkey | 63 | |
| Basic commands | 138 | |
| Build / train | 129 | |
| ESC pressed | 2 | |
| Enter build submenu | 31 | |
| Enter hero's abilities submenu | 15 | |
| Give item / drop item | 1 | |
| Right click | 939 | |
| Select / deselect | 675 | |
| Select group hotkey | 983 | |
| Use ability | 202 | |
3178 total
» units
| Peon | 29 | |
| Grunt | 4 | |
| Troll Headhunter/Berserker | 11 | |
| Demolisher | 11 | |
| Troll Batrider | 19 | |
| Troll Witch Doctor | 7 | |
| Kodo Beast | 1 | |
| Spirit Walker | 1 | |
| Raider | 4 | |
87 total
» upgrades
| Armor | 3 | |
| Witch Doctor Training | 2 | |
| Ranged Weapons | 3 | |
| Berserker Upgrade | 1 | |
| Troll Regeneration | 1 | |
| Liquid Fire | 1 | |
| War Drums Damage Increase | 1 | |
| Burning Oil | 1 | |
| Ensnare | 1 | |
| Melee Weapons | 3 | |
17 total
» buildings
| Altar of Storms | 1 | |
| Orc Burrow | 19 | |
| Barracks | 2 | |
| War Mill | 1 | |
| Voodoo Lounge | 1 | |
| Stronghold | 1 | |
| Spirit Lodge | 1 | |
| Beastiary | 2 | |
| Watch Tower | 20 | |
| Fortress | 1 | |
| Great Hall | 4 | |
53 total
» build order
00:12 Altar of Storms
00:17 Orc Burrow
00:54 Barracks
01:27 Orc Burrow
02:23 War Mill
02:54 Barracks
03:54 Voodoo Lounge
04:11 Orc Burrow
05:02 Stronghold
06:08 Orc Burrow
06:17 Orc Burrow
07:28 Spirit Lodge
07:36 Beastiary
09:11 Watch Tower
09:21 Watch Tower
10:30 Fortress
13:45 Beastiary
16:58 Orc Burrow
17:01 Orc Burrow
19:12 Great Hall
23:38 Watch Tower
23:39 Watch Tower
23:41 Watch Tower
23:43 Watch Tower
23:44 Watch Tower
23:45 Watch Tower
23:45 Watch Tower
30:55 Great Hall
31:21 Watch Tower
31:23 Watch Tower
31:24 Watch Tower
32:14 Watch Tower
32:14 Watch Tower
32:15 Watch Tower
32:16 Watch Tower
32:17 Watch Tower
34:58 Great Hall
35:39 Great Hall
38:31 Watch Tower
38:31 Watch Tower
38:32 Watch Tower
44:59 Orc Burrow
45:02 Orc Burrow
45:03 Orc Burrow
45:03 Orc Burrow
45:03 Orc Burrow
45:04 Orc Burrow
45:04 Orc Burrow
45:04 Orc Burrow
54:00 Orc Burrow
54:08 Orc Burrow
» items
| Scroll of Speed | 1 | |
| Healing Salve | 3 | |
| Scroll of Town Portal | 3 | |
| Orb of Lightning | 1 | |
8 total
team 2 (winner)
Damn_SpiderRush (
red | 90 APM | 5010 actions | 55:50)
7 Blood Mage
3 Flame Strike
2 Siphon Mana
1 Summon Phoenix
1 Banish
7 Mountain King
3 Storm Bolt
3 Bash
1 Avatar
» actions
| Assign group hotkey | 53 | |
| Basic commands | 241 | |
| Build / train | 213 | |
| ESC pressed | 25 | |
| Enter build submenu | 70 | |
| Enter hero's abilities submenu | 14 | |
| Give item / drop item | 15 | |
| Remove unit from queue | 3 | |
| Right click | 2460 | |
| Select / deselect | 1104 | |
| Select group hotkey | 535 | |
| Use ability | 277 | |
5010 total
» units
| Peasant | 29 | |
| Gryphon Rider | 30 | |
| Dragonhawk Rider | 10 | |
69 total
» upgrades
| Masonry | 3 | |
| Storm Hammers | 1 | |
| Armor | 3 | |
| Swords | 3 | |
| Lumber Harvesting | 2 | |
| Magic Sentry | 1 | |
| Barrage | 1 | |
| Cloud | 1 | |
| Fragmentation Shards | 1 | |
| Flare | 1 | |
| Plating | 1 | |
18 total
» buildings
| Altar of Kings | 2 | |
| Farm | 13 | |
| Lumber Mill | 1 | |
| Scout Tower | 99 | |
| Guard Tower | 58 | |
| Arcane Vault | 1 | |
| Keep | 1 | |
| Castle | 1 | |
| Gryphon Aviary | 4 | |
| Blacksmith | 1 | |
| Town Hall | 3 | |
| Arcane Sanctum | 1 | |
| Barracks | 1 | |
| Workshop | 2 | |
| Cannon Tower | 4 | |
192 total
» build order
00:03 Altar of Kings
00:23 Altar of Kings
00:38 Farm
00:55 Lumber Mill
01:26 Scout Tower
01:55 Farm
01:57 Guard Tower
02:18 Arcane Vault
02:35 Farm
02:41 Scout Tower
03:20 Guard Tower
03:29 Keep
03:42 Scout Tower
03:43 Scout Tower
03:45 Scout Tower
03:46 Scout Tower
03:48 Scout Tower
03:49 Scout Tower
03:50 Scout Tower
03:52 Scout Tower
03:52 Scout Tower
04:06 Farm
04:15 Scout Tower
04:17 Guard Tower
04:17 Guard Tower
04:19 Guard Tower
04:37 Guard Tower
04:50 Guard Tower
04:52 Guard Tower
04:52 Guard Tower
04:52 Guard Tower
04:58 Guard Tower
05:04 Guard Tower
05:20 Guard Tower
05:57 Scout Tower
05:58 Scout Tower
05:59 Scout Tower
06:01 Scout Tower
06:01 Scout Tower
06:02 Scout Tower
06:03 Scout Tower
06:03 Scout Tower
06:08 Scout Tower
06:09 Scout Tower
06:10 Scout Tower
06:11 Scout Tower
06:12 Scout Tower
06:13 Scout Tower
06:21 Castle
06:29 Guard Tower
06:48 Guard Tower
06:48 Guard Tower
07:20 Guard Tower
07:32 Guard Tower
07:53 Guard Tower
08:18 Guard Tower
08:32 Gryphon Aviary
10:24 Scout Tower
10:25 Scout Tower
10:26 Scout Tower
10:27 Scout Tower
10:27 Scout Tower
10:56 Guard Tower
11:11 Guard Tower
11:21 Guard Tower
12:21 Scout Tower
12:23 Scout Tower
12:24 Scout Tower
12:25 Scout Tower
12:25 Scout Tower
12:28 Scout Tower
12:38 Farm
12:39 Farm
12:40 Farm
13:16 Guard Tower
13:32 Guard Tower
14:40 Blacksmith
15:44 Scout Tower
15:46 Scout Tower
15:46 Scout Tower
15:47 Scout Tower
18:01 Town Hall
18:33 Guard Tower
18:36 Guard Tower
19:35 Arcane Sanctum
19:46 Scout Tower
19:48 Scout Tower
19:48 Scout Tower
19:49 Scout Tower
19:50 Scout Tower
19:51 Scout Tower
19:52 Scout Tower
19:54 Scout Tower
19:56 Scout Tower
19:57 Scout Tower
19:57 Scout Tower
19:58 Scout Tower
19:59 Scout Tower
20:00 Scout Tower
20:00 Scout Tower
20:01 Scout Tower
20:21 Guard Tower
20:48 Guard Tower
21:14 Guard Tower
21:18 Guard Tower
21:19 Guard Tower
21:22 Guard Tower
21:41 Guard Tower
21:41 Guard Tower
21:55 Guard Tower
22:35 Guard Tower
24:40 Barracks
24:42 Gryphon Aviary
26:43 Farm
26:44 Farm
26:46 Farm
26:46 Farm
26:48 Guard Tower
26:52 Scout Tower
26:53 Scout Tower
27:11 Guard Tower
27:13 Scout Tower
28:11 Guard Tower
28:37 Scout Tower
28:59 Guard Tower
30:21 Workshop
31:17 Scout Tower
31:41 Guard Tower
31:42 Scout Tower
31:57 Cannon Tower
32:00 Scout Tower
32:15 Cannon Tower
33:19 Guard Tower
33:25 Scout Tower
33:27 Scout Tower
33:30 Scout Tower
33:31 Scout Tower
33:32 Scout Tower
33:33 Scout Tower
33:34 Scout Tower
33:34 Scout Tower
33:35 Scout Tower
33:35 Scout Tower
33:36 Scout Tower
33:37 Scout Tower
33:38 Scout Tower
33:38 Scout Tower
34:03 Scout Tower
34:35 Cannon Tower
34:37 Scout Tower
34:41 Scout Tower
34:44 Scout Tower
34:45 Scout Tower
35:19 Guard Tower
35:28 Cannon Tower
35:29 Guard Tower
35:32 Scout Tower
35:52 Guard Tower
35:59 Town Hall
36:00 Guard Tower
36:46 Guard Tower
37:39 Guard Tower
37:55 Guard Tower
38:30 Scout Tower
38:32 Scout Tower
38:33 Scout Tower
38:34 Scout Tower
38:36 Scout Tower
38:37 Scout Tower
38:39 Guard Tower
39:27 Guard Tower
40:16 Guard Tower
40:47 Guard Tower
40:54 Scout Tower
40:57 Scout Tower
40:58 Scout Tower
40:58 Scout Tower
40:59 Scout Tower
41:00 Scout Tower
41:00 Scout Tower
41:01 Scout Tower
41:02 Scout Tower
41:53 Guard Tower
41:57 Gryphon Aviary
41:58 Gryphon Aviary
42:08 Guard Tower
42:31 Farm
42:32 Farm
43:52 Guard Tower
43:59 Workshop
45:35 Guard Tower
45:38 Town Hall
» items
| Scroll of Regeneration | 11 | |
| Lesser Clarity Potion | 4 | |
| Mechanical Critter | 1 | |
| Boots of Speed | 2 | |
| Staff of Teleportation | 1 | |
| Ivory Tower | 8 | |
| Potion of Healing | 7 | |
| Scroll of Town Portal | 1 | |
| Potion of Lesser Invulnerability | 2 | |
| Orb of Fire | 2 | |
| Staff of Sanctuary | 1 | |
| Scroll of Healing | 2 | |
42 total
Chat log
(05:32 / All) Damn_SpiderRush: nice micro on the peon line ther
(37:25 / All) Feanoralgo: this is annoying man
(37:28 / All) Damn_SpiderRush: lol
(37:33 / All) Damn_SpiderRush: that's the way human is apparently
(37:41 / All) Feanoralgo: nope
(37:47 / All) Feanoralgo: human is my best race
(37:49 / All) Damn_SpiderRush: hehe
(37:51 / All) Damn_SpiderRush: so you think
(41:08 / All) Damn_SpiderRush: u gettin crazy lat all the sudden?
(41:18 / All) Feanoralgo: lat?
(41:21 / All) Damn_SpiderRush: like lag
(41:22 / All) Feanoralgo: wtf is that?
(41:23 / All) Damn_SpiderRush: latency
(50:02 / All) Damn_SpiderRush: lol dude
(50:05 / All) Damn_SpiderRush: why did they give hu cloud
(50:07 / All) Damn_SpiderRush: that's such shit
(50:19 / All) Damn_SpiderRush: strongest towers and anti towers?
(54:47 / All) Feanoralgo: you know what
(54:50 / All) Damn_SpiderRush: ?
(55:01 / All) Damn_SpiderRush: HU is op?
(55:10 / All) Feanoralgo: if my girlfriend wasn't here I'd follow this through the end
(55:15 / All) Damn_SpiderRush: oh nice
(55:15 / All) Feanoralgo: but I'm tired
(55:19 / All) Damn_SpiderRush: yeha i know what you mean bra
(55:23 / All) Damn_SpiderRush: give the lady what she wants
(55:32 / All) Feanoralgo: I dont mean that
(55:34 / All) Damn_SpiderRush: i had my fun earlier today
(55:34 / All) Damn_SpiderRush: oh
(55:36 / All) Feanoralgo: she's ill
(55:38 / All) Damn_SpiderRush: ohh
(55:41 / All) Damn_SpiderRush: damn that sucks
(55:44 / All) Feanoralgo: gg
(55:46 / All) Damn_SpiderRush: you too